 Dungeon Crawl Stone Soup version 0.28.0-45-g0d030f2227 (console) character file.

Game seed: 17356857061701694531

2485 Banquo the Thaumaturge (level 9, -9/65 HPs)
             Began as a Djinni Cinder Acolyte on Apr 4, 2022.
             Was a High Priest of Ignis.
             Killed by the air
             ... invoked by Gastronok
              (30 damage)
             ... on level 8 of the Dungeon on Apr 5, 2022.
             The game lasted 00:24:05 (8930 turns).

Banquo the Thaumaturge (Djinni Cinder Acolyte)      Turns: 8930, Time: 00:24:06

Health: -9/65      AC:  7    Str: 19    XL:     9   Next: 81%
Gold:   348        EV: 10    Int: 20    God:    Ignis [*****.] SH:  6 Dex:  9

rFire   + + +      SeeInvis .   a - -1 short sword (flame)
rCold   x . .      Faith    .   C - +0 kite shield
rNeg    + . .      Spirit   .   s - +0 leather armour {rN+}
rPois   ∞          Reflect  .   h - +1 hat
rElec   .          Harm     .   e - +2 cloak {Stlth+}
rCorr   .          Rampage  .   (no gloves)
Will    .....                   (boots unavailable)
Stlth   ++........              (no amulet)
HPRegen 0.20/turn               F - ring of protection from fire
MPRegen 0.00/turn               u - +6 ring of strength

@: flying
A: sickness immunity, fire resistance 2, cold vulnerability 1, float, innate
caster, HP casting, extra vitality 1
a: Renounce Religion, Fiery Armour, Foxfire Swarm, Rising Flame


You were on level 8 of the Dungeon.
You worshipped Ignis.
Ignis was extremely pleased with you.
You visited 1 branch of the dungeon, and saw 8 of its levels.

You collected 348 gold pieces.

Inventory:

Hand Weapons
 a - a -1 short sword of flaming (weapon)
 o - a +1 rapier
 r - a +1 whip of draining
 z - a +0 flail of venom
 A - a +1 dagger of freezing
 E - a +0 trident
Missiles
 g - 223 stones
 l - 4 datura-tipped darts
 p - 5 poisoned darts
 B - a boomerang
 D - 2 throwing nets
Armour
 b - a +0 robe
 e - a +2 cloak of stealth (worn)
 h - a +1 hat (worn)
 s - a +0 leather armour of positive energy (worn)
 y - an orb of light
 C - a +0 kite shield (worn)
Jewellery
 u - a +6 ring of strength (right hand)
 x - an amulet of the acrobat
 F - a ring of protection from fire (left hand)
Wands
 v - a wand of paralysis (11)
Scrolls
 j - 3 scrolls of teleportation
 k - 2 scrolls of identify
 m - a scroll of magic mapping
Potions
 d - 3 potions of mutation
 f - 10 potions of curing
 i - 3 potions of heal wounds
 q - 2 potions of haste
 t - a potion of brilliance
 w - a potion of lignification


   Skills:
 * Level 5.2 Fighting
 + Level 3.1 Short Blades
 * Level 3.1 Dodging
 * Level 0.7 Shields
 * Level 9.0 Spellcasting


You had 15 spell levels left.
You knew the following spells:

 Your Spells              Type           Power      Damage    Failure   Level
a - Shock                 Conj/Air       100%       1d9       1%          1
b - Corpse Rot            Necr/Air       90%        N/A       1%          2
g - Summon Guardian Gole  Hex/Summ       45%        N/A       2%          3
s - Scorch                Fire           90%        2d9       1%          2
z - Stone Arrow           Conj/Erth      90%        3d12      2%          3
Your spell library was empty.

Dungeon Overview and Level Annotations

Branches:
Dungeon (8/15)             Temple (0/1) D:7
   Lair: D:8-11

Altars:
Ru

Shops:
D:4 ?:   D:6 =

Annotations:
D:4 Eustachio
D:8 Gastronok


Innate Abilities, Weirdness & Mutations

You are immune to sickness and miasma.
You are immune to poison.
Your flesh is very heat resistant. (rF++)
You are vulnerable to cold. (rC-)
You float through the air rather than walking.
You learn spells naturally, not from books.
Your magical power is your life essence.
You have superior vitality. (+4 MHP)


Message History

Casting: Stone Arrow (dangerous; 2% risk of failure)
Confirm with . or Enter, or press ? or * to list all spells.
Aiming: Stone Arrow (dangerous; 2% risk of failure)
Press: ? - help, Shift-Dir - straight line, f/p - Gastronok
Aim: Gastronok, wearing the +3 hat of Pondering {ponderous, Will+ MP+10 Int+5} (lightly wounded, 100% to hit)
The stone arrow hits Gastronok!!
Gastronok is lightly wounded.
Unknown command.
Casting: Stone Arrow (dangerous; 2% risk of failure)
Confirm with . or Enter, or press ? or * to list all spells.
Aiming: Stone Arrow (dangerous; 2% risk of failure)
Press: ? - help, Shift-Dir - straight line, f/p - Gastronok
Aim: Gastronok, wearing the +3 hat of Pondering {ponderous, Will+ MP+10 Int+5} (lightly wounded, 100% to hit)
The stone arrow hits Gastronok!
Gastronok is moderately wounded.
Casting: Stone Arrow (dangerous; 2% risk of failure)
Confirm with . or Enter, or press ? or * to list all spells.
Aiming: Stone Arrow (dangerous; 2% risk of failure)
Press: ? - help, Shift-Dir - straight line, f/p - Gastronok
Aim: Gastronok, wearing the +3 hat of Pondering {ponderous, Will+ MP+10 Int+5} (moderately wounded, 100% to hit)
The stone arrow hits Gastronok!!
Gastronok is heavily wounded.
Casting: Stone Arrow (dangerous; 2% risk of failure)
Confirm with . or Enter, or press ? or * to list all spells.
Aiming: Stone Arrow (dangerous; 2% risk of failure)
Press: ? - help, Shift-Dir - straight line, f/p - Gastronok
Aim: Gastronok, wearing the +3 hat of Pondering {ponderous, Will+ MP+10 Int+5} (heavily wounded, 100% to hit)
The stone arrow hits Gastronok!
Gastronok is heavily wounded.
Casting: Stone Arrow (dangerous; 2% risk of failure)
Confirm with . or Enter, or press ? or * to list all spells.
Okay, then.
A centaur comes into view.
The centaur shouts!
The centaur wields a +0 shortbow.
The centaur shoots an arrow.
The arrow hits you.
Gastronok gurgles horribly!
Gastronok waves his eye-stalks in wide circles.
The air twists around and strikes you!!
You die...

...<....#......#.........#
.....####......#.###.#.###
........'......'.....#.#
....#####......#.#.#.#.#####
##### ########+#.#.#.#...
######......#.#.#.######
#...........#.#.........
#.............w.........
######.....##.@.##.#.########
...........++...##.#........
#><...##........#.....#
#.....####.##.#....##.#
####### #c##.#......
#.##.#.....## #.##.#.....#
#.##.#.#.#.. ...#.# .###


You could see Gastronok and a centaur.

Vanquished Creatures
  A shadow (D:7)
  Sigmund (D:6)
  Edmund (D:6)
  A water moccasin (D:6)
  A black bear (D:6)
  2 ice beasts
  An orc warrior (D:6)
  A necrophage (D:5)
  An ogre (D:6)
  A phantom (D:6)
  Blork the orc (D:5)
  3 bullfrogs
  4 scorpions
  A wyvern skeleton (D:6)
  A water moccasin skeleton (D:5)
  3 killer bees (D:8)
  A bullfrog zombie (D:5)
  2 hounds
  4 orc priests
  A bullfrog skeleton (D:5)
  A gnoll shaman (D:7)
  2 iguanas
  5 orc wizards
  A killer bee zombie (D:5)
  2 adders (D:5)
  6 gnolls
  An ufetubus (D:4)
  A worm (D:2)
  A dart slug (D:2)
  20 orcs
  3 bats
  A giant cockroach (D:1)
  7 goblins
  13 hobgoblins
  2 jackals (D:2)
  3 kobolds
  3 quokkas
  8 ball pythons
  5 frilled lizards
  3 rats
120 creatures vanquished.

Vanquished Creatures (others)
  7 plants (D:7)
7 creatures vanquished.

Grand Total: 127 creatures vanquished

Notes
Turn   | Place    | Note
-------+----------+-------------------------------------------
     0 | D:1      | Banquo the Djinni Cinder Acolyte began the quest for the
                  | Orb.
     0 | D:1      | Reached XP level 1. HP: 20/20 MP: 0/0
   357 | D:1      | Reached XP level 2. HP: 24/25 MP: 0/0
  1042 | D:1      | Reached XP level 3. HP: 25/30 MP: 0/0
  1042 | D:1      | Learned a level 1 spell: Shock
  1495 | D:2      | Found a faded altar of an unknown god.
  1983 | D:2      | Reached skill level 3 in Spellcasting
  2372 | D:2      | Reached XP level 4. HP: 31/35 MP: 0/0
  3035 | D:4      | Noticed a scorpion
  3040 | D:4      | Killed a scorpion
  3041 | D:4      | Reached XP level 5. HP: 25/41 MP: 0/0
  3041 | D:4      | Learned a level 2 spell: Corpse Rot
  3288 | D:4      | Noticed Eustachio
  3308 | D:5      | Entered Level 5 of the Dungeon
  3364 | D:5      | Noticed a necrophage
  3373 | D:5      | Killed a necrophage
  3374 | D:5      | Reached skill level 4 in Spellcasting
  3374 | D:5      | Reached XP level 6. HP: 33/47 MP: 0/0
  3377 | D:5      | Noticed an ice beast
  3381 | D:5      | Killed an ice beast
  3383 | D:5      | Reached skill level 5 in Spellcasting
  3691 | D:5      | Reached XP level 7. HP: 46/52 MP: 0/0
  3691 | D:5      | Learned a level 3 spell: Stone Arrow
  4294 | D:4      | Found Waop's Magic Scroll Shop.
  4890 | D:4      | Found Ruub's Book Emporium.
  5618 | D:5      | Noticed Blork the orc
  5622 | D:5      | Killed Blork the orc
  5623 | D:5      | Reached skill level 6 in Spellcasting
  5623 | D:5      | Reached XP level 8. HP: 48/58 MP: 0/0
  5794 | D:6      | Noticed Edmund
  5809 | D:6      | Killed Edmund
  5810 | D:6      | Reached skill level 1 in Dodging
  6091 | D:6      | Found Targhacle's Jewellery Shoppe.
  6121 | D:6      | Noticed Sigmund
  6127 | D:6      | Killed Sigmund
  6298 | D:6      | Reached skill level 7 in Spellcasting
  6516 | D:6      | Reached XP level 9. HP: 47/63 MP: 0/0
  6516 | D:6      | Learned a level 3 spell: Summon Guardian Golem
  6858 | D:6      | Reached skill level 8 in Spellcasting
  7441 | D:7      | Reached skill level 5 in Fighting
  7629 | D:7      | Found a staircase to the Ecumenical Temple.
  8451 | D:7      | Found a sacrificial altar of Ru.
  8690 | D:8      | Reached skill level 9 in Spellcasting
  8918 | D:8      | Noticed Gastronok
  8930 | D:8      | Killed from afar by Gastronok

Illustrated notes

Levels and vault maps discovered:
D:1:      wander_arrival_estate, layout_basic, minmay_pentomino_t4
D:2:      layout_basic, nicolae_ecumenical_lake_church
D:3:      layout_basic, grunt_ministairs_9
D:4:      layout_basic, serial_shops, shop, kennysheep_little_box,
          minmay_vboxes, uniq_eustachio
D:5:      layout_loops_ring, chequers_mini_garden, uniq_blork_the_orc
D:6:      layout_basic, nicolae_stop_n_shop_2, uniq_sigmund, uniq_edmund
D:7:      layout_basic, nicolae_ru_the_path_less_chosen,
          minmay_temple_entry_glass
D:8:      layout_basic, dpeg_lair_monsters, uniq_gastronok

Skill      XL: |  1  2  3  4  5  6  7  8  9 |
---------------+----------------------------+-----
Short Blades   | 3 |  3.1
Spellcasting   | 3 4 5 6 7 9 |  9.0
Fighting       | 4 5 |  5.2
Dodging        | 2 3 |  3.1
Shields        | |  0.7

Action                   |  1- 3 |  4- 6 |  7- 9 || total
-------------------------+-------+-------+-------++-------
Melee: Short sword       |    16 |       |       ||    16
       Flail             |       |       |     4 ||     4
 Cast: Scorch            |    22 |    22 |    52 ||    96
       Shock             |    34 |    31 |   101 ||   166
       Stone Arrow       |       |       |    39 ||    39
       Summon Guardian G |       |       |     1 ||     1
  Use: Scroll            |     6 |     1 |    13 ||    20
Armor: Robe              |     3 |     3 |     4 ||    10
       Leather armour    |       |       |     6 ||     6
Dodge: Dodged            |    14 |     5 |    31 ||    50
Block: Kite shield       |       |       |     6 ||     6
